cohdb
Replays
Latest Replays
All Replays
Popular Replays
Top Player Replays
Match Explorer
How It Works
Community
CoH3 Stats
Reddit
Sign in to upload your games and track your stats! →
Sign in with Steam
Match 47477527
Unlisted
Match 47477527
Overview
Messages
Build Orders
End
Construct Section Command Post
Dingo Light Scout Car
Dingo Light Scout Car
Dingo Light Scout Car
Selects Air and Sea Battlegroup
Royal Engineer Section
Construct Platoon Command Post
Unlock M3 Stuart Light Tanks
M3 Stuart Light Tank
Selects Supply Surplus
Construct Field Infirmary
Construct Resource Cache
M3 Stuart Light Tank
M3 Stuart Light Tank
Unlock Bishop Self-propelled Artillery
Bishop Self-propelled Artillery
M3 Stuart Light Tank
Light Vehicle Training
Bishop Self-propelled Artillery
Bishop Self-propelled Artillery
Forward Retreat Point
Selects UNKNOWN (223837)
Selects UNKNOWN (223837)
Construct Company Command Post
Foot Guards Section
Jm200092
Hareun
TwistedTootsy
PlammX
WilllTHENOOBz
我小叮当今晚要搞事!
Nuts
Королева PizdаliSov
0
0
Comments
sign in to comment!
No comments posted yet!